 Dungeon Crawl Stone Soup version 0.27.1-33-g824d729ab1 (webtiles) character file.

Game seed: 1966616742395922472

748 Findor the Firebug (level 7, -1/43 HPs)
             Began as an Octopode Fire Elementalist on Dec 5, 2021.
             Was an Initiate of Vehumet.
             Shot with an arrow by a centaur (6 damage)
             ... on level 5 of the Dungeon.
             The game lasted 00:10:28 (6996 turns).

Findor the Firebug (Octopode Fire Elementalist)     Turns: 6996, Time: 00:10:28

Health: -1/43      AC:  1    Str:  8    XL:     7   Next: 77%
Magic:  12/13      EV: 13    Int: 19    God:    Vehumet [......]
Gold:   114        SH:  0    Dex: 12    Spells: 1/14 levels left

rFire    . . .     SeeInvis .   a - +0 dagger
rCold    . . .     Faith    .   (no shield)
rNeg     . . .     Spirit   .   (helmet restricted)
rPois    .         Reflect  .   (no amulet)
rElec    .         Harm     .   (no ring)
rCorr    .         Rampage  .   (no ring)
Will     .....                  (no ring)
Stlth    +++.......             (no ring)
HPRegen  0.14/turn              (no ring)
MPRegen  0.13/turn              (no ring)
                                (no ring)
                                (no ring)

@: no status effects
A: almost no armour, amphibious, 8 rings, camouflage 1, gelatinous body 1,
(nimble swimmer 1), tentacles
a: Renounce Religion


You were on level 5 of the Dungeon.
You worshipped Vehumet.
Vehumet was noncommittal.
You visited 2 branches of the dungeon, and saw 6 of its levels.

You collected 114 gold pieces.


Innate Abilities, Weirdness & Mutations

You cannot wear most types of armour.
You are amphibious.
You can wear up to eight rings at the same time.
Your skin changes colour to match your surroundings (Stealth+).
Your rubbery body absorbs attacks. (AC +1, EV +1)
((You are camouflaged near water. (Stealth+)))
You have tentacles for arms and can constrict up to eight enemies at once.


   Skills:
 + Level 1.3 Fighting
 - Level 2.0 Dodging
 - Level 2.6 Stealth
 - Level 4.0 Spellcasting
 + Level 4.0 Conjurations
 * Level 6.5 Fire Magic


You had one spell level left.
You knew the following spells:

 Your Spells              Type           Power      Damage    Failure   Level
a - Foxfire               Conj/Fire      96%        2x1d8     1%          1
d - Conjure Flame         Conj/Fire      24%        6-21      4%          3
q - Sticky Flame          Conj/Fire      24%        2d5       16%         4
x - Fireball              Conj/Fire      12%        3d7       38%         5

Your spell library contained the following spells:

 Spells                   Type           Power      Damage    Failure   Level
 Inner Flame              Hex/Fire       16%        N/A       11%         3

Inventory:

Hand Weapons
 a - a +0 dagger (weapon)
   (You took it off a kobold on level 1 of the Dungeon)
Missiles
 c - 2 throwing nets {!f}
 e - 16 poisoned darts
Jewellery
 h - a ring of fire
   (You found it on level 3 of the Dungeon)
Scrolls
 i - a scroll of teleportation {@r4}
 j - a scroll of torment {unknown}
Potions
 b - 2 potions of flight {unknown}
 d - a potion of mutation {unknown}
 f - 2 potions of might


Message History

Press: ? - help, Shift-Dir - straight line, f - scorpion
Aim: a scorpion (severely wounded, 100% to hit)
The sticky flame hits the scorpion!
You kill the scorpion!
Vehumet accepts your kill.
* * * LOW HITPOINT WARNING * * *
You feel very sick.
Your Conjurations skill increases to level 4!
Unknown command.
* * * LOW HITPOINT WARNING * * *
You feel very sick.
You climb upwards.
* * * LOW HITPOINT WARNING * * *
You feel very sick.
There is a stone staircase leading down here.
You feel better.
You start resting.
You start resting.
Things that are here:
2 stones; a +0 short sword
There is a staircase to the Ecumenical Temple here.
You see here a +0 flail.
Things that are here:
a +0 robe; a +0 dagger
There is a stone staircase leading down here.
You climb downwards.
You hear the sound of rushing water.
There is an entrance to a sewer on this level.
Hurry and find it before the portal rusts away!
Level annotation: Sigmund You hear the brisk rusting of a drain nearby.
There is a stone staircase leading up here.
As you read the scroll labelled BOMEAP LOZXALA, it crumbles to dust.
Wisps of shadow whirl around you...
It was a scroll of summoning.
A scorpion zombie comes into view.
Found a spear and 5 gold pieces.
A centaur comes into view.
Found 14 bolts.
Found a stone staircase leading down.
The centaur wields a +0 shortbow.
The centaur shoots an arrow.
The arrow hits you!
Casting: Sticky Flame (quite dangerous; 16% risk of failure)
You conjure some foxfire!
The centaur shoots an arrow.
The arrow hits you!
The centaur shoots an arrow.
The arrow hits you!
* * * LOW HITPOINT WARNING * * *
The foxfire hits the centaur.
The centaur shoots an arrow.
The arrow hits you!
* * * LOW HITPOINT WARNING * * *
The foxfire hits the centaur.
The centaur shoots an arrow.
The arrow hits your adder!
The centaur shoots an arrow.
The arrow barely misses your adder. The arrow hits you.
You die...

#### #... ...... .._
.......# .. .......#
#. .......# ##.##
##.Z.....#
#..<####..##.c..#
###....5.##§....#
#....####.@§S§....#
.............§.)...#
#...##......Y......#
#... #......#..$...#
### #......#......#
#.#....##.....#
..(#....# .....# .#
#....> .....# #....#
.....#


You could see a centaur (ally target), a scorpion zombie, a friendly ice beast
(summoned), a friendly adder (summoned) and a friendly shadow imp (summoned).

Vanquished Creatures
  Grinder (D:4)
  An ice beast (D:4)
  A scorpion (D:5)
  A water moccasin skeleton (D:4)
  A bullfrog zombie (D:4)
  A jelly (D:4)
  Jessica (D:3)
  An iguana (D:4)
  2 orc wizards
  Ijyb (D:3)
  Robin (D:3)
  3 gnolls (D:4)
  5 adders
  An adder skeleton (D:4)
  A dart slug (D:4)
  6 orcs
  3 bats
  3 endoplasms
  2 giant cockroaches (D:1)
  9 goblins
  9 hobgoblins
  6 jackals
  4 kobolds
  5 quokkas
  7 ball pythons
  3 frilled lizards
  7 rats
86 creatures vanquished.

Vanquished Creatures (others)
  274 foxfires
274 creatures vanquished.

Grand Total: 360 creatures vanquished

Notes
Turn   | Place    | Note
-------+----------+-------------------------------------------
     0 | D:1      | Findor the Octopode Fire Elementalist began the quest for
                  | the Orb.
     0 | D:1      | Reached XP level 1. HP: 11/11 MP: 3/3
   431 | D:1      | Reached XP level 2. HP: 17/17 MP: 5/5
   435 | D:1      | Found Rirog's Book Shop.
   634 | D:1      | Found a faded altar of an unknown god.
  1164 | D:2      | Reached XP level 3. HP: 21/21 MP: 2/6
  1482 | D:2      | Found a basalt altar of Yredelemnul.
  2045 | D:3      | Reached skill level 4 in Fire Magic
  2045 | D:3      | Reached XP level 4. HP: 27/27 MP: 2/7
  2572 | D:3      | Noticed Ijyb
  2604 | D:3      | Killed Ijyb
  2605 | D:3      | Reached XP level 5. HP: 23/31 MP: 3/9
  2680 | D:3      | Found Fouteuc's Weapon Shoppe.
  2744 | D:3      | Found an ancient bone altar of Kikubaaqudgha.
  2748 | D:3      | Noticed Robin
  2931 | D:3      | Found a stormy altar of Qazlal.
  3236 | D:3      | Killed Robin
  3465 | D:3      | Noticed Jessica
  3474 | D:3      | Killed Jessica
  3475 | D:3      | Reached skill level 3 in Spellcasting
  3551 | D:3      | Learned a level 3 spell: Conjure Flame
  3556 | D:3      | Learned a level 4 spell: Sticky Flame
  3582 | D:4      | Found an ornate altar of the Wu Jian Council.
  3590 | D:4      | Reached skill level 5 in Fire Magic
  3776 | D:4      | Noticed an ice beast
  3818 | D:4      | Killed an ice beast
  3819 | D:4      | Reached skill level 3 in Conjurations
  3819 | D:4      | Reached XP level 6. HP: 11/36 MP: 2/11
  4095 | D:4      | Found a sacrificial altar of Ru.
  4107 | D:4      | Noticed Grinder
  4128 | D:4      | HP: 4/36 [Grinder (8)]
  4139 | D:4      | HP: 5/36 [Grinder (7)]
  4139 | D:4      | HP: 1/36 [Grinder (4)]
  4142 | D:4      | Killed Grinder
  4143 | D:4      | Reached skill level 6 in Fire Magic
  4143 | D:4      | Reached XP level 7. HP: 10/41 MP: 3/12
  4433 | D:4      | Found a staircase to the Ecumenical Temple.
  4448 | Temple   | Entered the Ecumenical Temple
  4972 | Temple   | Became a worshipper of Vehumet
  5110 | D:4      | Learned a level 5 spell: Fireball
  6397 | D:4      | Reached skill level 1 in Fighting
  6630 | D:5      | Entered Level 5 of the Dungeon
  6630 | D:5      | Found a snail-covered altar of Cheibriados.
  6700 | D:5      | Noticed Sigmund
  6708 | D:5      | HP: 8/43 [poisoned by a scorpion]
  6995 | D:5      | HP: 5/43 [centaur/arrow (9)]
  6996 | D:5      | Shot with an arrow by a centaur

Levels and vault maps discovered:
D:1:      dpeg_arrival_stonehenge_8_columns, layout_loops_corners,
          dreamdust_ecumenical_altar_grove, serial_shops, shop,
          chequers_mini_garden, minmay_misc_feat_rows, grunt_decor_resistance,
          chequers_serial_rivers_small_3
D:2:      layout_basic, basic_altar
D:3:      layout_loops_ring, mainiacjoe_overflow_six_doors_small,
          lemuel_crystal_altar, serial_shops, shop_statue, uniq_jessica,
          uniq_robin, uniq_ijyb
D:4:      layout_basic, nicolae_wu_jian_wuxing_cycle, nicolae_ru_awakened_eye,
          minmay_temple_entry_arrows, corexii_leaking_fountain, uniq_grinder
D:5:      minmay_razor_zed, layout_rooms, nicolae_hepliaklqana_hazy_memory,
          mainiacjoe_overflow_alcove_2, serial_shops, shop,
          cheibrodos_sewer_entry_drain, minmay_fractal_squares_5, uniq_sigmund,
          uniq_blork_the_orc
Temple:   chequers_temple_sunken

Action                   |  1- 3 |  4- 6 |  7- 9 || total
-------------------------+-------+-------+-------++-------
Melee: Dagger            |    28 |    16 |     1 ||    45
       Tentacles         |     2 |     2 |     1 ||     5
       Constrict         |     6 |     2 |       ||     8
       Unarmed           |       |     5 |       ||     5
 Cast: Foxfire           |    36 |    74 |    63 ||   173
       Conjure Flame     |       |     2 |     1 ||     3
       Sticky Flame      |       |       |     1 ||     1
  Use: Scroll            |       |     1 |     2 ||     3
       Potion            |       |     3 |     1 ||     4
 Stab: Sleeping          |     6 |     1 |       ||     7
Armor: Skin              |     4 |    12 |     1 ||    17
Dodge: Dodged            |    16 |    41 |    24 ||    81
